 Dungeon Sprint DCSS version 0.31-a0-1074-g0b22e4e0f1 (webtiles) character file.

Game seed: 3627011231147992229

1516 rocky1 the Unseen (level 8, -7/44 HPs)
             Began as a Gargoyle Brigand on Dec 1, 2023.
             Was a High Priest of Cheibriados.
             Killed from afar by an oklob plant (11 damage)
             ... with a splash of acid
             ... in the Dungeon (Sprint IV: "Fedhas' Mad Dash").
             The game lasted 00:04:43 (1241 turns).

rocky1 the Unseen (Gargoyle Brigand)                Turns: 1241, Time: 00:04:44

Health: -7/44      AC:  8    Str: 26    XL:     8   Next: 83%
Magic:  14/14      EV: 12    Int: 25    God:    Cheibriados [*****.]
Gold:   178        SH:  0    Dex: 25    Spells: 5/7 levels left

rFire   . . .        n - +0 rapier
rCold   . . .        (no shield)
rNeg    + . .        b - +0 robe
rPois   ∞            (no helmet)
rElec   +            c - +0 cloak
rCorr   .            (no gloves)
SInv    .            (no boots)
Will    .....        m - amulet of invisibility {+Inv}
Stlth   +++++++      q - +4 ring of slaying
HPRegen 0.27/turn    (no ring)
MPRegen 0.14/turn

%: no teleportation
@: very slightly contaminated, very slow
A: sickness immunity, AC +5, negative energy resistance 1, electricity
resistance, torment resistance 1, petrification resistance
a: Renounce Religion, Evoke Invisibility, Bend Time, Temporal Distortion,
Slouch, Step From Time


You were in the Dungeon.
You worshipped Cheibriados.
Cheibriados was extremely pleased with you.
You visited 1 branch You collected 178 gold pieces.

Inventory:

Hand Weapons
 a - a +2 dagger
 n - a +0 rapier (weapon)
Missiles
 d - 9 poisoned darts (quivered)
 e - 3 curare-tipped darts
Armour
 b - a +0 robe (worn)
 c - a +0 cloak (worn)
 o - a +0 robe
Jewellery
 m - the amulet of invisibility (around neck) {+Inv}
   (You found it in the Dungeon)

   [amulet of nothing]

   +Inv:      It lets you turn invisible.
 q - a +4 ring of slaying (left hand)
Scrolls
 k - a scroll of blinking
 l - a scroll of enchant weapon {unknown}
 p - a scroll of identify {unknown}
Potions
 f - a potion of curing
 g - a potion of heal wounds
 h - a potion of haste
 i - 2 potions of magic
 j - a potion of berserk rage


   Skills:
 - Level 2.1 Fighting
 + Level 8.7 Short Blades
 - Level 1.7 Throwing
 - Level 0.7 Dodging
 * Level 15.7 Stealth
 + Level 8.3 Invocations
 + Level 6.9 Evocations


You had 5 spell levels left.
You knew the following spells:

 Your Spells              Type           Power      Damage    Failure   Level
a - Blink                 Tloc           0%         N/A       21%         2

Your spell library contained the following spells:

 Spells                   Type           Power      Damage    Failure   Level
 Manifold Assault         Tloc           0%         N/A       80%         4


Dungeon Overview and Level Annotations

Branches:
Dungeon (1/1)

Altars:
Cheibriados
Dithmenos
Elyvilon
Gozag
Hepliaklqana
Kikubaaqudgha
Makhleb
Nemelex Xobeh
Okawaru
Qazlal
Ru
Sif Muna
Trog
Uskayaw
Vehumet
Wu Jian
Xom
Yredelemnul
Zin
The Shining One
Jiyva
Lugonu

Shops:
D [(

Annotations:
D exclusions: oklob plant and oklob sapling


Innate Abilities, Weirdness & Mutations

You are immune to sickness and miasma.
Your stone body is resilient. (AC +5)
You are immune to poison.
You resist negative energy. (rN+)
You are resistant to electric shocks. (rElec)
You are resistant to unholy torment.
You are immune to petrification.


Message History

You fade into invisibility!
Unknown command.
You open the door.
A wandering mushroom comes into view.
Found a curved runed staff.
There is an open door here.
The helpless burning bush fails to defend itself.
You spit the burning bush like a pig!!!!
You destroy the burning bush!
Cheibriados appreciates the change of pace.
Cheibriados raises the support of your attributes as your movement slows.
The oklob plant spits acid at something.
The splash of acid misses you.
The oklob plant spits acid at something.
You flicker for a moment.
The oklob plant spits acid at you. The splash of acid hits you!!
Ouch! That really hurt!
You strike the helpless oklob plant from behind!
You spit the oklob plant like a pig!!!
The oklob plant is almost destroyed.
You flicker back into view.
The oklob sapling spits acid at you. The splash of acid misses you.
You hit the oklob plant.
The oklob plant is almost destroyed.
Unknown command.
You hit the oklob plant but do no damage.
The oklob plant is almost destroyed.
The oklob sapling spits acid at you. The splash of acid hits you!
* * * LOW HITPOINT WARNING * * *
The oklob plant spits acid at you. The splash of acid misses you.
Blink to where?
Press: ? - help, Dir - move target
As you read the scroll of blinking, it crumbles to dust.
The oklob plant spits acid at you. The splash of acid hits you!
You die...

########################
#<..P#....÷#.....#.⌠._._
#P...'.)...'.#...'.._._.
#PPPP#.....#.#...#..._._
###############'##.._._.
#...♣........'...#._._._
#......♣.....#...#######
#.....♣..♣..######
##'####@######P|+
#..#....'.......#
#..#..###...§Pf.#
####### #########


You could see an oklob plant and a wandering mushroom.

Vanquished Creatures
  An oklob plant (D)
  2 burning bushes (D)
  A queen bee (D)
  2 scorpions (D)
  4 killer bees (D)
  4 oklob saplings (D)
  2 spriggans (D)
  A river rat (D)
  A rat (D)
18 creatures vanquished.

Notes
Turn   | Place    | Note
-------+----------+-------------------------------------------
     0 | D        | rocky1 the Gargoyle Brigand began the quest for the Orb.
     0 | D        | Reached XP level 1. HP: 12/12 MP: 1/1
    11 | D        | Reached skill level 6 in Stealth
    11 | D        | Reached XP level 2. HP: 17/17 MP: 2/2
   318 | D        | Noticed an oklob sapling
   320 | D        | Killed an oklob sapling
   321 | D        | Reached skill level 7 in Stealth
   321 | D        | Reached XP level 3. HP: 21/21 MP: 3/3
   323 | D        | Noticed a scorpion
   323 | D        | Found the amulet of invisibility {+Inv}
   325 | D        | Killed a scorpion
   326 | D        | Reached skill level 9 in Stealth
   326 | D        | Reached XP level 4. HP: 26/26 MP: 4/4
   345 | D        | Learned a level 2 spell: Blink
   357 | D        | Found an opulent altar of Gozag.
   357 | D        | Found a hazy altar of Hepliaklqana.
   357 | D        | Found a burning altar of Makhleb.
   357 | D        | Found a sparkling altar of Nemelex Xobeh.
   357 | D        | Found a snail-covered altar of Cheibriados.
   357 | D        | Found a sacrificial altar of Ru.
   357 | D        | Found a shimmering blue altar of Sif Muna.
   357 | D        | Found a shimmering altar of Xom.
   357 | D        | Found a basalt altar of Yredelemnul.
   358 | D        | Found a viscous altar of Jiyva.
   358 | D        | Found a bloodstained altar of Trog.
   358 | D        | Found an ornate altar of the Wu Jian Council.
   358 | D        | Noticed an oklob sapling priest
   359 | D        | Found an iron altar of Okawaru.
   359 | D        | Found a shadowy altar of Dithmenos.
   359 | D        | Found a glowing silver altar of Zin.
   360 | D        | Found an ancient bone altar of Kikubaaqudgha.
   360 | D        | Found a hide-covered altar of Uskayaw.
   361 | D        | Found a stormy altar of Qazlal.
   361 | D        | Found a white marble altar of Elyvilon.
   361 | D        | Found a glowing golden altar of the Shining One.
   362 | D        | Found a corrupted altar of Lugonu.
   362 | D        | Found a radiant altar of Vehumet.
   365 | D        | Killed an oklob sapling priest
   366 | D        | Reached skill level 5 in Short Blades
   366 | D        | Reached skill level 10 in Stealth
   366 | D        | Reached skill level 1 in Evocations
   366 | D        | Reached XP level 5. HP: 30/30 MP: 4/6
   367 | D        | Became a worshipper of Cheibriados the Contemplative
   731 | D        | Reached * piety under Cheibriados
   732 | D        | Reached skill level 11 in Stealth
   734 | D        | Reached XP level 6. HP: 35/35 MP: 8/8
   772 | D        | Found Visuto's Antique Weapon Shop.
   772 | D        | Found Vuuf's Antique Armour Emporium.
   811 | D        | Reached ** piety under Cheibriados
   812 | D        | Reached skill level 12 in Stealth
   942 | D        | Noticed a queen bee
   949 | D        | Killed a queen bee
   950 | D        | Reached skill level 13 in Stealth
   950 | D        | Reached skill level 5 in Invocations
   950 | D        | Reached XP level 7. HP: 40/40 MP: 9/11
   950 | D        | Reached *** piety under Cheibriados
   952 | D        | Reached skill level 5 in Evocations
   953 | D        | Reached **** piety under Cheibriados
  1076 | D        | Noticed an oklob plant
  1079 | D        | Killed an oklob plant
  1079 | D        | Reached ***** piety under Cheibriados
  1080 | D        | Reached skill level 14 in Stealth
  1080 | D        | Reached XP level 8. HP: 44/44 MP: 11/13
  1210 | D        | Noticed a burning bush
  1214 | D        | Killed a burning bush
  1215 | D        | Reached skill level 15 in Stealth
  1227 | D        | Noticed a burning bush
  1227 | D        | Noticed an oklob plant
  1231 | D        | Noticed a wandering mushroom
  1232 | D        | Killed a burning bush
  1241 | D        | Killed from afar by an oklob plant

Illustrated notes

Levels and vault maps discovered:
D:        dungeon_sprint_fedhas [sprint_temple]

Skill      XL: |  1  2  3  4  5  6  7  8 |
---------------+-------------------------+-----
Short Blades   | 2 3 4 5 7 8 |  8.7
Stealth        | 6 7 9 10 11 13 14 15 | 15.7
Invocations    | 2 3 5 7 8 |  8.3
Evocations     | 1 3 4 6 |  6.9
Fighting       | |  2.1
Throwing       | |  1.7
Dodging        | |  0.7

Action                     |  1- 3 |  4- 6 |  7- 9 || total
---------------------------+-------+-------+-------++-------
  Melee: Dagger            |     6 |    26 |       ||    32
         Rapier            |       |     2 |    10 ||    12
Ability: Evoke Invisibilit |       |     5 |     3 ||     8
    Use: Scroll            |       |       |     1 ||     1
   Stab: Sleeping          |     4 |     6 |     7 ||    17
         Invisible         |       |       |     1 ||     1
 Armour: Robe              |       |     7 |     3 ||    10
  Dodge: Dodged            |       |    11 |     3 ||    14

Table legend: (Time is in decaauts)
 A = Elapsed time spent in this place.
 B = Non-inter-level travel time spent in this place.
 C = Inter-level travel time spent in this place.
 D = Time resting spent in this place.
 E = Time spent auto-exploring this place.
 F = Levels seen in this place.
 G = Mean time per level.
                   A        B        C        D        E       F      G
               +--------+--------+--------+--------+--------+-----+--------+
         Total |   1288 |   1288 |      0 |    983 |      0 |   1 | 1288.0 |
       Dungeon |   1288 |   1288 |      0 |    983 |      0 |   1 | 1288.0 |
               +--------+--------+--------+--------+--------+-----+--------+

Top non-repeatable levels by time:
       D: 1288 daAuts
